 Dungeon Crawl Stone Soup version 0.30.1-3-gfc49f6343a (webtiles) character file.

Game seed: 2530062588060403819

485 KyoPewz the Chopper (level 7, -1/52 HPs)
             Began as a Human Fighter on Aug 6, 2023.
             Was a Follower of Uskayaw.
             Succumbed to Dowan's poison
             ... on level 4 of the Dungeon.
             The game lasted 00:07:41 (2767 turns).

KyoPewz the Chopper (Human Fighter)                 Turns: 2767, Time: 00:07:42

Health: -1/52      AC:  6    Str: 18 (19) XL:     7   Next: 35%
Magic:  7/7        EV:  9    Int:  7 (8)  God:    Uskayaw [*.....]
Gold:   153        SH:  4    Dex:  9 (12) Spells: 6/6 levels left

rFire   . . .        k - +2 mace (venom)
rCold   . . .        c - +0 buckler
rNeg    . . .        b - +0 scale mail
rPois   .            (no helmet)
rElec   .            (no cloak)
rCorr   .            (no gloves)
SInv    +            (no boots)
Will    .....        (no amulet) Stlth
                     j - ring of flight
HPRegen 0.28/turn    S - ring of see invisible
MPRegen 0.10/turn

%: no passive effects
@: mighty, lethally poisoned (-1 -> -9), flying
A: no striking features
a: Renounce Religion, Stomp


You were on level 4 of the Dungeon.
You worshipped Uskayaw.
Uskayaw was noncommittal.
You visited 2 branches of the dungeon, and saw 5 of its levels.

You collected 153 gold pieces.

Inventory:

Hand Weapons
 a - a +0 war axe
 k - a +2 mace of venom (weapon)
Missiles
 e - 13 stones (quivered)
 n - 5 poisoned darts
 w - 3 boomerangs
 A - 6 javelins
Armour
 b - a +0 scale mail (worn)
 c - a +0 buckler (worn)
Jewellery
 j - a ring of flight (left hand)
 p - a ring of ice
 x - a +6 ring of intelligence
 S - a ring of see invisible (right hand)
Scrolls
 f - 2 scrolls of magic mapping {unknown}
 i - 2 scrolls of identify {unknown}
 m - a scroll of teleportation {unknown}
 r - 2 scrolls of poison {unknown}
 s - a scroll of enchant armour {unknown}
 t - a scroll of amnesia {unknown}
 v - 2 scrolls of fear {unknown}
 y - a scroll of vulnerability {unknown}
 z - a scroll of fog {unknown}
Potions
 d - a potion of might
 g - 3 potions of curing {unknown}
 h - 3 potions of heal wounds {unknown}
 l - a potion of flight {unknown}
 o - a potion of invisibility
 q - 3 potions of degeneration
 u - 2 potions of lignification {unknown}


   Skills:
 - Level 3.0 Fighting
 + Level 7.5 Axes
 - Level 3.0 Armour
 - Level 3.0 Shields


You had 6 spell levels left.
You didn't know any spells.
Your spell library contained the following spells:

 Spells                   Type           Power      Damage    Failure   Level
 Blink                    Tloc           0%         N/A       95%         2
 Manifold Assault         Tloc           0%         N/A       100%        4
 Storm Form               Tmut/Air       0%         N/A       100%        7


Dungeon Overview and Level Annotations

Branches:
Dungeon (4/15)             Temple (1/1) D:4

Altars:
Dithmenos
Elyvilon
Gozag
Kikubaaqudgha
Nemelex Xobeh
Okawaru
Qazlal
Ru
Uskayaw
Vehumet
The Shining One

Annotations:
D:4 Dowan


Message History

Dowan blinks!
Dowan mumbles some strange words.
Dowan blinks!
Dowan attacks as you move away! Dowan hits you but does no damage.
You are poisoned.
You feel sick.
You take 1 damage, and have 17/52 hp.
You feel sick. Dowan hits you but does no damage.
You are more poisoned.
You take 2 damage, and have 15/52 hp.
Dowan attacks as you move away! Dowan closely misses you.
* * * LOW HITPOINT WARNING * * *
You feel very sick.
You take 3 damage, and have 12/52 hp.
You closely miss Dowan.
* * * LOW HITPOINT WARNING * * *
You feel very sick. Dowan barely misses you.
Dowan hits you with a +2 dagger of venom.
* * * LOW HITPOINT WARNING * * *
You are lethally poisoned!
You take 3 damage, and have 9/52 hp.
Press: ? - help, v - describe, . - travel The floor, spattered with blood.
Unknown command.
You feel very mighty all of a sudden.
* * * LOW HITPOINT WARNING * * *
You feel very sick.
Dowan gestures wildly while chanting.
Dowan blinks!
You take 4 damage, and have 5/52 hp.
You sock the hobgoblin!
You kill the hobgoblin!
* * * LOW HITPOINT WARNING * * *
You feel very sick.
You take 3 damage, and have 2/52 hp.
It was a potion of degeneration.
There was something very wrong with that liquid.
You feel weakened.
You feel dopey.
You feel clumsy.
You die...

#.# #.#
#.# #.#
#.# #.#
##.# #e.#
##########
#@##
#...g...e.
#.#
#.########
#.# #g#
#.# #.#
#.# #g####
#.# #....#
#.# ####e#
#.# #.#
#.# #.#


You could see Dowan (fast).

Vanquished Creatures
  Duvessa (D:4)
  A black bear (D:3)
  Blork the orc (D:3)
  2 jellies
  7 adders
  An ufetubus (D:4)
  2 worms
  4 dart slugs
  4 orcs
  7 endoplasms
  A giant cockroach (D:4)
  9 goblins
  7 hobgoblins
  2 jackals (D:1)
  2 quokkas (D:1)
  10 ball pythons
  5 bats
  5 frilled lizards
  4 kobolds
  11 rats
86 creatures vanquished.

Notes
Turn   | Place    | Note
-------+----------+-------------------------------------------
     0 | D:1      | KyoPewz the Human Fighter began the quest for the Orb.
     0 | D:1      | Reached XP level 1. HP: 18/18 MP: 1/1
   161 | D:1      | Reached XP level 2. HP: 21/24 MP: 2/2
   268 | D:1      | Reached skill level 3 in Axes
   405 | D:1      | Reached XP level 3. HP: 28/29 MP: 3/3
   935 | D:2      | Reached skill level 4 in Axes
   935 | D:2      | Reached XP level 4. HP: 35/35 MP: 4/4
  1359 | D:2      | Reached XP level 5. HP: 38/41 MP: 5/5
  1406 | D:2      | Reached skill level 5 in Axes
  1543 | D:3      | Noticed a black bear
  1550 | D:3      | Killed a black bear
  1551 | D:3      | Reached skill level 6 in Axes
  1551 | D:3      | Reached XP level 6. HP: 47/47 MP: 6/6
  2344 | D:4      | Noticed Blork the orc
  2344 | D:4      | Noticed Dowan
  2347 | D:4      | Noticed Duvessa
  2358 | D:3      | Killed Blork the orc
  2531 | D:4      | Reached XP level 7. HP: 37/52 MP: 7/7
  2592 | D:4      | Found a staircase to the Ecumenical Temple.
  2601 | D:4      | Reached skill level 7 in Axes
  2607 | Temple   | Entered the Ecumenical Temple
  2612 | Temple   | Became a worshipper of Uskayaw the Reveller
  2698 | D:4      | Reached * piety under Uskayaw
  2735 | D:4      | Killed Duvessa
  2766 | D:4      | HP: 2/52 [poisoned by Dowan]
  2767 | D:4      | Succumbed to Dowan's poison

Illustrated notes

Levels and vault maps discovered:
D:1:      psy_arrival_whirlpool, layout_basic
D:2:      layout_rooms, serial_aquarium, aquarium_bridge_square
          [aquarium_subvault_bridge, aquarium_subvault_wall,
          aquarium_subvault_window, aquarium_subvault_bridge],
          aquarium_window_1, aquarium_window_corridor_2, aquarium_window_fake,
          aquarium_view_2b, minmay_snake_closets
D:3:      layout_basic
D:4:      layout_loops_ring, temple_fountains, uniq_blork_the_orc, uniq_robin,
          uniq_duvessa
Temple:   nicolae_temple_ecumenical_triangle

Skill      XL: |  1  2  3  4  5  6  7 |
---------------+----------------------+-----
Axes           | 3 4 6 7 |  7.5
Fighting       | |  3.0
Armour         | |  3.0
Shields        | |  3.0

Action                     |  1- 3 |  4- 6 |  7- 9 || total
---------------------------+-------+-------+-------++-------
  Melee: War axe           |    23 |       |       ||    23
         Mace              |    62 |   119 |    25 ||   206
    Use: Potion            |       |       |     2 ||     2
 Armour: Scale mail        |    39 |    54 |    10 ||   103
  Dodge: Dodged            |    48 |    42 |    17 ||   107
  Block: Buckler           |    16 |    26 |     6 ||    48
